 Dungeon Crawl Stone Soup version 0.20-a0-303-g575bbf7 (webtiles) character file.

33483 junb69 the Jinx (level 13, -5/99 HPs)
             Began as a Vampire Enchanter on Dec 17, 2016.
             Was the Champion of Dithmenos.
             Slain by a death yak (13 damage)
             ... on level 5 of the Lair of Beasts.
             The game lasted 01:17:58 (22972 turns).

junb69 the Jinx (Vampire Enchanter)                Turns: 22972, Time: 01:18:00

Health: -5/99      AC: 11    Str:  9    XL:     13   Next: 37%
Magic:  9/27       EV: 20    Int: 21    God:    Dithmenos [******]
Gold:   309        SH:  2    Dex: 16    Spells: 14/33 levels left

rFire  . . .     SeeInvis +     A - +6 rapier (elec)
rCold  + + .     Gourm    .     z - +2 robe {Archmagi}
rNeg   + + +     Faith    .     (no shield)
rPois  ∞         Spirit   .     a - +2 hat {SInv}
rElec  .         Reflect  +     G - +0 cloak {MR+}
rCorr  .         Harm     .     h - +0 pair of gloves
MR     ++...                    t - +2 pair of boots
Stlth  ++++++++++               e - +2 amulet of reflection
                                l - +2 ring of strength
                                K - ring of Gos Meop {Wiz Slay+3}

@: slightly contaminated, bloodless, non-regenerating, wreathed by umbra, repel
missiles, invisible
A: fangs 3, see invisible, clever 1, poison resistance, weak 1, unbreathing
a: Bat Form, Shadow Step, Shadow Form, Renounce Religion


You were on level 5 of the Lair of Beasts.
You worshipped Dithmenos.
Dithmenos was exalted by your worship.
You were bloodless.

You visited 3 branches of the dungeon, and saw 17 of its levels.

You collected 821 gold pieces.
You spent 512 gold pieces at shops.

Inventory:

Hand Weapons
 A - a +6 rapier of electrocution (weapon)
Missiles
 D - a throwing net (quivered)
Armour
 a - a +2 hat of see invisible (worn)
 h - a +0 pair of gloves (worn)
 t - a +2 pair of boots (worn)
 z - a +2 robe of the Archmagi (worn)
 G - a +0 cloak of magic resistance (worn)
Rods
 I - a +1 rod of inaccuracy (10/10)
   (You found it on level 4 of the Lair of Beasts)
Jewellery
 e - a +2 amulet of reflection (around neck)
 l - a +2 ring of strength (right hand)
 K - the ring of Gos Meop (left hand) {Wiz Slay+3}
   (You found it on level 8 of the Dungeon)

   [ring of wizardry]

   It improves your spell success rate.
   It affects your accuracy and damage with ranged weapons and melee attacks
   (+3).
Wands
 c - a wand of acid (8/15)
 v - a wand of hasting (2/9)
 w - a wand of polymorph (12/24)
Scrolls
 g - 3 scrolls of fog
 i - a scroll of fear
 j - 7 scrolls of amnesia
 k - a scroll of summoning
 m - 4 scrolls of enchant armour
 n - 2 scrolls of magic mapping
 o - 6 scrolls of teleportation
 s - 7 scrolls of remove curse
 y - 2 scrolls of recharging
 E - a scroll of blinking
 H - 2 scrolls of brand weapon
Potions
 b - 2 potions of flight
 d - 20 potions of blood
 f - 3 potions of agility
 p - 2 potions of resistance
 q - a potion of magic
 r - 3 potions of invisibility
 u - a potion of cure mutation
 x - a potion of curing
 B - a potion of heal wounds
 F - 5 potions of haste
 M - 2 potions of might {unknown}
Books
 C - a book of Minor Magic

   Spells                             Type                      Level
   a - Magic Dart                     Conjuration                  1
   b - Blink                          Translocation                2
   c - Call Imp                       Summoning                    2
   d - Repel Missiles                 Charms/Air                   2
   e - Slow                           Hexes                        2
   f - Conjure Flame                  Conjuration/Fire             3
   g - Mephitic Cloud                 Conjuration/Poison/Air       3
 J - a book of Clouds

   Spells                             Type                      Level
   a - Mephitic Cloud                 Conjuration/Poison/Air       3
   b - Conjure Flame                  Conjuration/Fire             3
   c - Poisonous Cloud                Conjuration/Poison/Air       5
   d - Freezing Cloud                 Conjuration/Ice/Air          6
   e - Ring of Flames                 Charms/Fire                  7
 L - a book of the Tempests

   Spells                             Type                      Level
   a - Static Discharge               Conjuration/Air              3
   b - Lightning Bolt                 Conjuration/Air              5
   c - Fireball                       Conjuration/Fire             5
   d - Tornado                        Air                          9
   e - Shatter                        Earth                        9


   Skills:
 - Level 8.6 Fighting
 - Level 10.0 Short Blades
 - Level 10.4 Dodging
 - Level 12.1 Stealth
 * Level 10.9 Spellcasting
 * Level 14.0 Hexes


You had 14 spell levels left.
You knew the following spells:

 Your Spells              Type           Power        Failure   Level  Hunger
a - Corona                Hex            #######      1%          1    None
b - Ensorcelled Hibernat  Hex/Ice        ######       1%          2    None
c - Confuse               Hex            #######.     1%          3    None
d - Tukima's Dance        Hex            #######.     1%          3    None
e - Animate Skeleton      Necr           N/A          3%          1    None
f - Apportation           Tloc           ###.......   3%          1    None
g - Invisibility          Hex            #######.     1%          6    ######.
h - Repel Missiles        Chrm/Air       ###...       4%          2    None


Dungeon Overview and Level Annotations

Branches:
Dungeon (11/15)            Temple (1/1) D:5            Lair (5/6) D:11
 Shoals (0/4) Lair:4        Snake (0/4) Lair:3        Slime (0/5) Lair:5
    Orc: D:9-12

Altars:
Dithmenos
Elyvilon
Fedhas
Gozag
Hepliaklqana
Kikubaaqudgha
Makhleb
Nemelex Xobeh
Qazlal
Ru
Sif Muna
Uskayaw
Vehumet
Xom
Yredelemnul
Zin
The Shining One
Jiyva

Shops:
D:5 [


Innate Abilities, Weirdness & Mutations

You do not heal naturally.
You are immune to poison.
You have razor-sharp teeth.
You have supernaturally acute eyesight. (SInv)
You can survive without breathing.
Your mind is acute. (Int +2)
Your system is resistant to poisons. (rPois)
You are weak. (Str -2)


Message History

Aiming: Invisibility
Press: ? - help, Shift-Dir - straight line, f - you, p - death yak You feel a surge of power!
You fade into invisibility!
You are lightly contaminated with residual magic.
You feel devoid of blood!
The death yak gores you but does no damage.
You hit the death yak.
The death yak is lightly wounded.
Your shadow hits the death yak but does no damage.
The death yak gores you!
* * * LOW HITPOINT WARNING * * *
The death yak completely misses you.
You hit the death yak.
You bite the death yak, but do no damage.
The death yak is moderately wounded.
The death yak gores you!
* * * LOW HITPOINT WARNING * * *
The death yak gores you!
You die...

# ## ## ### ########.### #.#
#######.######
##.##...#..###..####.#.#......#P#
................................P
....P..................P##.....P.
....P...P.# #.###.......#..#..P..
#.#......####..Y@.....#.......##.
..##......+....Y.......#.......#.
..P.#...#...§.........#.......P#.
..P.....####.§§#.P.....#.......#.
#P##......####§§§.....#...P......
#####.....####§P##.......PP...P..
..###.÷....<.§.§........##.......
.................Y..†............
.................................


You could see 2 death yaks.

Vanquished Creatures
  3 hydras
  2 two-headed ogres
  7 death yaks (Lair:5)
  An ugly thing (D:11)
  An oklob plant (Lair:3)
  A cyclops (D:11)
  A manticore (Lair:4)
  5 elephants (Lair:5)
  A black mamba (Lair:1)
  Joseph (D:9)
  8 spiny frogs
  5 komodo dragons
  A rime drake (Lair:5)
  4 trolls
  A hornet (D:11)
  Grinder (D:2)
  6 blink frogs
  6 hippogriffs
  11 yaks
  3 wyverns
  Eustachio (D:6)
  3 fire bats (Lair:1)
  3 basilisks
  3 hungry ghosts
  A steam dragon (D:11)
  Menkaure (D:7)
  7 swamp worms (Lair:4)
  3 nagas (Lair:3)
  8 water moccasins
  An acid dragon (D:11)
  8 porcupines
  4 orc warriors
  A black bear (D:7)
  2 ice beasts
  A sky beast (D:11)
  A hornet zombie (D:10)
  5 ogres
  4 phantoms
  6 wolves (Lair:2)
  2 necrophages
  13 centaurs
  A big kobold (D:9)
  7 crocodiles
  19 bullfrogs
  A wyvern skeleton (D:9)
  3 scorpions
  16 killer bees
  A wight (Lair:1)
  4 howler monkeys
  4 crimson imps
  3 bullfrog zombies
  A centaur zombie (D:8)
  4 hounds
  4 jellies
  3 orc priests
  4 bullfrog skeletons
  4 iguanas
  Natasha (thrice) (D:3)
  15 orc wizards
  13 hell rats
  6 worker ants
  2 killer bee zombies
  A hound skeleton (D:4)
  A worker ant zombie (D:8)
  14 gnolls
  14 adders
  16 river rats (Lair:1)
  2 oozes
  2 adder skeletons
  19 worms
  4 dart slugs
  6 leopard geckos
  57 orcs
  3 ball pythons
  5 bats
  7 giant cockroaches
  11 goblins
  11 hobgoblins
  9 jackals
  8 quokkas
  5 frilled lizards
  13 kobolds
  5 quokka skeletons
  A quokka zombie (D:6)
  14 rats
  A spectral orc (D:6)
  A bush (Lair:3)
  A plant (Lair:4)
496 creatures vanquished.

Vanquished Creatures (others)
  2 fungi
  2 plants
  5 toadstools (D:1)
9 creatures vanquished.

Grand Total: 505 creatures vanquished

Notes
Turn   | Place    | Note
-------+----------+-------------------------------------------
     0 | D:1      | junb69 the Vampire Enchanter began the quest for the Orb.
     0 | D:1      | Reached XP level 1. HP: 13/13 MP: 3/3
   400 | D:1      | Reached XP level 2. HP: 19/19 MP: 3/5
   444 | D:1      | Reached skill level 5 in Stealth
  1099 | D:1      | Learned a level 2 spell: Ensorcelled Hibernation
  1303 | D:1      | Reached XP level 3. HP: 22/24 MP: 6/6
  2182 | D:2      | Reached XP level 4. HP: 30/30 MP: 2/7
  2552 | D:2      | Learned a level 3 spell: Confuse
  2717 | D:2      | Reached XP level 5. HP: 35/35 MP: 8/8
  2748 | D:2      | Reached skill level 5 in Hexes
  3206 | D:3      | Noticed Grinder
  3221 | D:3      | Paralysed by Grinder for 7 turns
  3243 | D:3      | Paralysed by Grinder for 3 turns
  3272 | D:2      | Gained mutation: Your system is resistant to poisons. (rPois) [potion of mutation]
  3272 | D:2      | Gained mutation: Your mind is acute. (Int +2) [potion of mutation]
  3272 | D:2      | Gained mutation: You are weak. (Str -2) [potion of mutation]
  4043 | D:2      | Killed Grinder
  4043 | D:2      | Reached skill level 6 in Hexes
  4043 | D:2      | Reached XP level 6. HP: 30/41 MP: 7/11
  4202 | D:2      | Learned a level 3 spell: Tukima's Dance
  5343 | D:3      | Noticed Natasha
  5366 | D:3      | Killed Natasha
  5366 | D:3      | Reached skill level 7 in Hexes
  5585 | D:3      | Noticed Natasha
  5603 | D:3      | Killed Natasha
  5766 | D:3      | Noticed Natasha
  5918 | D:3      | Killed Natasha
  6134 | D:4      | Reached skill level 1 in Fighting
  6134 | D:4      | Reached XP level 7. HP: 18/48 MP: 1/12
  6552 | D:4      | Found a sparkling altar of Nemelex Xobeh.
  6699 | D:4      | Noticed a hungry ghost
  6712 | D:4      | Killed a hungry ghost
  7374 | D:4      | Reached XP level 8. HP: 58/58 MP: 10/13
  7511 | D:5      | Entered Level 5 of the Dungeon
  7679 | D:5      | Reached skill level 5 in Short Blades
  7954 | D:5      | Found a staircase to the Ecumenical Temple.
  7992 | Temple   | Entered the Ecumenical Temple
  8039 | Temple   | Became a worshipper of Dithmenos the Shadowed
  8257 | D:5      | Reached skill level 8 in Hexes
  8612 | D:5      | Found a hazy altar of Hepliaklqana.
  8613 | D:5      | Found a shimmering altar of Xom.
  8614 | D:5      | Noticed a tyrant leech
  8614 | D:5      | Noticed a spectral ugly thing
  8614 | D:5      | Noticed a tyrant leech
  8641 | D:5      | Found Giuvu's Armour Emporium.
  8709 | D:5      | Bought a +0 cloak for 49 gold pieces
  8709 | D:5      | Bought a +0 pair of boots for 49 gold pieces
  8835 | D:5      | Reached * piety under Dithmenos
  9302 | D:6      | Reached skill level 10 in Stealth
  9435 | D:6      | Noticed Eustachio
  9465 | D:6      | Killed Eustachio
  9596 | D:6      | Found an opulent altar of Gozag.
  9610 | D:6      | Reached XP level 9. HP: 65/65 MP: 12/15
  9682 | D:6      | Found a basalt altar of Yredelemnul.
  9973 | D:6      | Reached skill level 9 in Hexes
  9977 | D:6      | Reached ** piety under Dithmenos
 10408 | D:7      | Noticed Menkaure
 10494 | D:7      | Killed Menkaure
 10494 | D:7      | Reached skill level 5 in Fighting
 10611 | D:7      | Reached skill level 10 in Hexes
 11178 | D:8      | Learned a level 1 spell: Animate Skeleton
 11183 | D:8      | Learned a level 1 spell: Apportation
 11272 | D:8      | Noticed a two-headed ogre
 11279 | D:8      | Killed a two-headed ogre
 11524 | D:8      | Reached XP level 10. HP: 79/79 MP: 13/17
 11537 | D:8      | Learned a level 6 spell: Invisibility
 11754 | D:8      | Got a flickering jade ring
 11903 | D:8      | Identified the ring of Gos Meop {Wiz Slay+3} (You found it on level 8 of the Dungeon)
 11919 | D:8      | Identified a scroll of acquirement
 11944 | D:8      | Reached skill level 5 in Spellcasting
 12304 | D:9      | Reached *** piety under Dithmenos
 12473 | D:9      | Reached skill level 5 in Dodging
 12743 | D:9      | Noticed Joseph
 12750 | D:9      | Killed Joseph
 12830 | D:9      | Noticed an Executioner
 12831 | D:9      | Found a burning altar of Makhleb.
 12836 | D:9      | Found a glowing silver altar of Zin.
 12836 | D:9      | Noticed an angel
 13147 | D:10     | Entered Level 10 of the Dungeon
 13315 | D:10     | Found an ancient bone altar of Kikubaaqudgha.
 13386 | D:10     | Noticed a two-headed ogre
 13400 | D:10     | Killed a two-headed ogre
 13400 | D:10     | Reached **** piety under Dithmenos
 13986 | D:11     | Reached XP level 11. HP: 84/84 MP: 22/22
 15055 | D:11     | Noticed a red ugly thing
 15061 | D:11     | Killed a red ugly thing
 15258 | D:11     | Found a staircase to the Lair.
 15718 | Lair:1   | Entered Level 1 of the Lair of Beasts
 15877 | Lair:1   | Noticed a seven-headed hydra
 16235 | Lair:1   | Killed a seven-headed hydra
 16452 | Lair:1   | Reached skill level 10 in Dodging
 16846 | Lair:1   | Reached ***** piety under Dithmenos
 17628 | D:5      | Bought a +2 robe of the Archmagi for 414 gold pieces
 17826 | D:11     | Reached XP level 12. HP: 91/91 MP: 25/25
 18699 | Lair:3   | Found a staircase to the Snake Pit.
 18790 | Lair:3   | Found a deep blue altar of Sif Muna.
 19556 | Lair:3   | Noticed a six-headed hydra
 19564 | Lair:3   | Killed a six-headed hydra
 19729 | Lair:3   | Reached skill level 10 in Short Blades
 19731 | Lair:3   | Got a shimmering dagger
 19741 | Lair:3   | Identified the +4 dagger of the Valley {speed, rC+ Int+3 Dex-5} (You found it on level 3 of the Lair of Beasts)
 19753 | Lair:3   | Learned a level 2 spell: Repel Missiles
 20005 | Lair:3   | Noticed a four-headed hydra
 20012 | Lair:3   | Killed a four-headed hydra
 20169 | Lair:4   | Found a staircase to the Shoals.
 20174 | Lair:4   | Reached skill level 11 in Hexes
 20506 | Lair:4   | Reached ****** piety under Dithmenos
 20865 | Lair:4   | Reached skill level 12 in Hexes
 21753 | Lair:5   | Found a staircase to the Slime Pits.
 21753 | Lair:5   | Found a viscous altar of Jiyva.
 21835 | Lair:5   | Reached skill level 10 in Spellcasting
 21915 | Lair:5   | Identified a +1 rod of inaccuracy (10/10) (You found it on level 4 of the Lair of Beasts)
 22203 | Lair:5   | Reached XP level 13. HP: 99/99 MP: 23/27
 22592 | Lair:5   | Reached skill level 13 in Hexes
 22953 | Lair:5   | Reached skill level 14 in Hexes
 22972 | Lair:5   | Slain by a death yak

Vault maps used:
D:1:      ldierk_walled_garden
D:2:      minmay_diamond_boxcup, first_bread
D:3:      uniq_grinder, uniq_natasha
D:4:      nemelex_altar_shiori
D:5:      regret_index_temple_of_mockery, serial_shops, shop_fountains
D:6:      corexii_shack_village, yredelemnul_forgotten_temple_becter,
          nicolae_gozag_seed_capital, uniq_eustachio
D:7:      uniq_menkaure
D:9:      grunt_temple_overflow_order_and_chaos_2, uniq_joseph
D:10:     basic_altar
D:11:     erik_lair_dragon
Temple:   regret_index_temple_sphere_string
Lair:1:   lemuel_ratsnest, lemuel_fruit_fields
Lair:3:   guppyfry_snake_entry_island, minmay_lair_oklob_items,
          lemuel_centaur_altar
Lair:4:   minmay_shoals_entry_beasts, worms_lemuel
Lair:5:   slime_altar_1

Skill      XL: |  1  2  3  4  5  6  7  8  9 10 11 12 13 |
---------------+----------------------------------------+-----
Stealth        | 5 7 8 10 12 | 12.1
Short Blades   | 2 4 6 7 8 10 | 10.0
Hexes          | 6 7 8 10 12 14 | 14.0
Spellcasting   | 3 4 7 9 10 | 10.9
Fighting       | 1 3 4 7 8 |  8.6
Dodging        | 7 10 | 10.4

Action                   |  1- 3 |  4- 6 |  7- 9 | 10-12 | 13-15 || total
-------------------------+-------+-------+-------+-------+-------++-------
Melee: Dagger            |   100 |   166 |   299 |       |       ||   565
       Bite              |     7 |    19 |    30 |    56 |     4 ||   116
       Rapier            |       |       |   105 |   598 |    50 ||   753
 Cast: Corona            |    12 |     5 |     6 |     1 |       ||    24
       Ensorcelled Hiber |    12 |    31 |    54 |    37 |     2 ||   136
       Confuse           |       |    25 |    51 |    56 |     5 ||   137
       Invisibility      |       |       |       |    19 |     4 ||    23
       Repel Missiles    |       |       |       |     1 |       ||     1
 Abil: End Transformatio |       |     1 |       |       |       ||     1
       Bat Form          |       |     1 |       |       |       ||     1
  Use: Potion            |     1 |    13 |    10 |     8 |       ||    32
       Scroll            |       |     4 |     2 |    33 |       ||    39
 Stab: Sleeping          |    21 |    24 |    48 |   118 |    10 ||   221
       Confused          |       |     9 |    26 |    29 |       ||    64
       Distracted        |       |     1 |     2 |     1 |       ||     4
       Invisible         |       |       |       |    44 |     8 ||    52
Armor: Robe              |    19 |    40 |    56 |    84 |     3 ||   202
       Skin              |       |     2 |       |       |       ||     2
Dodge: Dodged            |    50 |    89 |   170 |   495 |    29 ||   833
Block: Other             |       |     3 |    13 |    38 |     1 ||    55
       Reflection        |       |       |       |     2 |       ||     2
